Cogmind - Beta 13 @@@ ROGUE MODE // 2024.04.23 @ 22:56:27 Player: rel Result: Destroyed by ET-6RL(R) with Subdweller Laser Performance ------------- Evolutions (0) 0 Regions Visited (2) 400 Robots Destroyed (23) 115 Value Destroyed (572) 572 Prototype IDs (3) 60 Alien Tech Used (0) 0 Bonus (-62) -62 TOTAL SCORE: 1085 Bonus ------- Friendly Fire -62 Cogmind --------- Core Integrity 0/250 Matter 241/300 Energy 69/100 System Corruption 0% Temperature Cool (12) Movement Core (350) Ox6 Location -10/Subcaves Parts ------- > --- POWER (1) -------- (None) > --- PROPULSION (2) --- (None) > --- UTILITY (2) ------ Scrap Shield > --- WEAPON (2) ------- Shotgun > --- INVENTORY (5) ---- Improved Aluminum Leg Improved Aluminum Leg Peak State ------------ > --- POWER ------------ Ion Engine > --- PROPULSION ------- Improved Aluminum Leg Improved Aluminum Leg > --- UTILITY ---------- Large Storage Unit Light Armor Plating > --- WEAPON ----------- Shotgun Heavy Hammer > --- INVENTORY -------- Ion Engine Aluminum Leg Aluminum Leg Improved Aluminum Leg Improved Aluminum Leg Light Assault Rifle Light Assault Rifle Shotgun Grenade Launcher Grenade Launcher Grenade Launcher Grenade Launcher Heavy Hammer [Rating: 12] Favorites ----------- Power Ion Engine Engine Ion Engine Propulsion Improved Aluminum Leg Leg Improved Aluminum Leg Utility Large Storage Unit Storage Large Storage Unit Protection Light Armor Plating Weapon Shotgun Ballistic Gun Shotgun Launcher Grenade Launcher Impact Weapon Heavy Hammer Build | -11 -10 -10 ------- Run | Yrd Mat Sub Slots Evolved . | . . . Power . | . . . Propulsion . | . . . Utility . | . . . Weapon . | . . . Parts Attached 28 | 8 16 4 Power 2 | 1 1 . Engine 2 | 1 1 . Core . | . . . Reactor . | . . . Propulsion 5 | 2 3 . Treads . | . . . Leg 5 | 2 3 . Wheel . | . . . Hover . | . . . Flight . | . . . Utility 5 | 1 3 1 Device . | . . . Storage 3 | 1 2 . Processor . | . . . Hackware . | . . . Protection 2 | . 1 1 Artifact . | . . . Weapon 16 | 4 9 3 Energy Gun . | . . . Energy Cannon . | . . . Ballistic Gun 11 | 4 6 1 Ballistic Cannon . | . . . Launcher 4 | . 2 2 Special Weapon . | . . . Impact Weapon 1 | . 1 . Slashing Weapon . | . . . Piercing Weapon . | . . . Special Melee Weapon . | . . . Unidentified Prototypes . | . . . Parts Lost 6 | . 1 5 Power 1 | . . 1 Propulsion 2 | . . 2 Utility 1 | . 1 . Weapon 2 | . . 2 Highest Loss Streak 5 | . 1 5 To Critical Strikes . | . . . Average Slot Usage (%) 88 | . 89 83 Engine 13 | . 13 13 Leg 27 | . 27 27 Storage 14 | . 14 14 Protection 3 | . 4 . Ballistic Gun 13 | . 15 2 Launcher 6 | . 4 23 Impact Weapon 7 | . 8 2 Naked Turns 1 | . . 1 Heaviest Build 34 | 13 34 31 Greatest Support 26 | 20 26 26 Greatest Overweight (x) 1 | 1 1 1 Average Overweight (x) . | . . 1 Largest Inventory Capacity 15 | 8 15 15 Average Capacity 13 | 6 13 14 Most Carried 15 | 5 15 15 Average Carried 12 | 2 12 14 Final Capacity 15 | 8 15 5 Final Carried 15 | 2 15 2 Class Distribution -------------------- 100% | Mutant Dominant Class ---------------- Mutant | -10/Materials Mutant | -10/Subcaves Resources | -11 -10 -10 ----------- Run | Yrd Mat Sub Matter Collected 540 | 196 344 . Remotely . | . . . Salvage Created 584 | . 467 117 Parts 25 | . 19 6 Haulers Intercepted 1 | . 1 . Recyclers Shooed . | . . . Parts Field Recycled . | . . . Retrieved Matter . | . . . Parts Self-Destructed . | . . . Prevented . | . . . Kills | -11 -10 -10 ------- Run | Yrd Mat Sub Combat Hostiles Destroyed 16 | . 10 6 Melee 3 | . 3 . Guns 6 | . 6 . AOE 6 | . . 6 Classes Destroyed 8 | . 6 2 Worker 4 | . 4 . Builder 1 | . 1 . Hauler 1 | . 1 . Watcher 1 | . 1 . Swarmer 2 | . 2 . Grunt 8 | . 8 . Artisan 1 | . . 1 Subdweller 6 | . . 6 Best Kill Streak 6 | . 4 6 Combat Bots Only 6 | . 3 6 Max Kills in Single Turn 6 | . 1 6 Gunslinging . | . . . Exploded 6 | . . 6 Melee 1 | . 1 . Uniques/NPCs Destroyed . | . . . Combat | -11 -10 -10 -------- Run | Yrd Mat Sub Hostile Shots Fired 88 | . 62 26 Missed 17 | . 13 4 Damage Taken 1102 | . 518 584 Core 250 | . 73 177 Absorbed by Shields . | . . . Core Remaining (%) 100 | 100 . . Volleys Fired 22 | . 19 3 Largest 2 | . 2 2 Hottest 60 | . 46 60 Shots Fired 38 | . 33 5 Gun 34 | . 33 1 Cannon . | . . . Launcher 4 | . . 4 Special . | . . . Kinetic 34 | . 33 1 Thermal . | . . . Explosive 4 | . . 4 Electromagnetic . | . . . Robot Hit Streak 7 | . 7 4 Robot Miss Streak 3 | . 2 3 Penetration Max . | . . . Secondary Targets . | . . . Shots Hit Robots 49 | . 45 4 Core Hits 31 | . 16 15 Critical Kills 2 | . 2 . Critical Parts Destroyed 5 | . 5 . Critical Strikes 7 | . 7 . Destroy 3 | . 3 . Smash 4 | . 4 . Melee Attacks 53 | . 53 . Impact 53 | . 53 . Slashing . | . . . Piercing . | . . . Sneak Attacks 5 | . 5 . Combat Hostiles . | . . . Follow-up Attacks . | . . . Damage Inflicted 2618 | . 1250 1368 Guns 338 | . 316 22 Cannons . | . . . Explosions 1346 | . . 1346 Melee 934 | . 934 . Ramming . | . . . Kinetic 338 | . 316 22 Thermal . | . . . Explosive 1346 | . . 1346 Electromagnetic . | . . . Impact 934 | . 934 . Slashing . | . . . Piercing . | . . . Highest Corruption . | . . . Average Corruption . | . . . Corruption Purged . | . . . Corruption Blocked . | . . . Overload Shots . | . . . Overflow Damage 432 | . 374 58 Projectiles . | . . . Explosions 58 | . . 58 Melee 374 | . 374 . Knockbacks 5 | . 5 . Impact 5 | . 5 . Kinetic . | . . . Secondary . | . . . Self-Inflicted Damage 114 | . . 114 Shots 4 | . . 4 Rammed . | . . . Targets Rammed . | . . . Kicked . | . . . Crushed . | . . . Highest Temperature 12 | . 12 . Average Temperature 8 | . 8 . Received Heat Transfer 354 | . 264 90 Siege Activations . | . . . Robots Corrupted . | . . . Combat Hostiles . | . . . Parts Fried 7 | . 7 . Impact Corruptions 11 | . 11 . Robots Melted . | . . . Combat Hostiles . | . . . Parts Melted . | . . . Heat Transferred . | . . . Parts Sabotaged . | . . . Parts Stolen . | . . . Parts Stripped . | . . . Power Chain Reactions . | . . . Alert | -11 -10 -10 ------- Run | Yrd Mat Sub Peak Influence 179 | . 179 . Initial . | . . . Average 58 | . 61 . Maximum Alert Level . | . . . Low Security (%) 100 | 100 100 . Level 1 . | . . . Level 2 . | . . . Level 3 . | . . . Level 4 . | . . . Level 5 . | . . . High Security . | . . . Max Security . | . . . Squads Dispatched 2 | . 2 . Investigation 2 | . 2 . Extermination . | . . . Reinforcement . | . . . Assault . | . . . Garrison . | . . . Intercept . | . . . Searches Triggered . | . . . Construction Impeded . | . . . Haulers Reinforced . | . . . Active Scanning Responses . | . . . Cargo Convoy Interrupts . | . . . Stealth | -11 -10 -10 --------- Run | Yrd Mat Sub Distress Signals 2 | . 2 . Communications Jammed . | . . . Distress Signals . | . . . Times Spotted 41 | . 28 13 Peak Tracking Total 12 | . 5 12 Tactical Retreats 1 | . 1 . Traps | -11 -10 -10 ------- Run | Yrd Mat Sub Traps Triggered 3 | . 3 . Indirectly . | . . . Trap Hack Attempts . | . . . Triggered . | . . . Disarmed . | . . . Reprogrammed . | . . . Reused . | . . . Traps Extracted . | . . . Installed . | . . . Triggered . | . . . Machines | -11 -10 -10 ---------- Run | Yrd Mat Sub Machines Disabled . | . . . Max in Single Turn . | . . . Machines Repaired . | . . . Machines Dismantled . | . . . Machines Sabotaged . | . . . Overloaded Fab Kills . | . . . Hacking | -11 -10 -10 --------- Run | Yrd Mat Sub Machines Accessed 10 | . 10 . Terminals 7 | . 7 . Fabricators . | . . . Repair Stations 1 | . 1 . Recycling Units 2 | . 2 . Scanalyzers . | . . . Garrison Access . | . . . Total Hacks 23 | . 23 . Successful 12 | . 12 . Failed 11 | . 11 . Catastrophic 2 | . 2 . Database Lockouts . | . . . Manual . | . . . Terminals 16 | . 16 . Fabricators . | . . . Repair Stations 3 | . 3 . Recycling Units 4 | . 4 . Scanalyzers . | . . . Garrison Access . | . . . Terminal Hacks 8 | . 8 . Prototype ID Bank 1 | . 1 . Branch Access Points 1 | . 1 . Locate Traps 1 | . 1 . Registered Components 1 | . 1 . Zone Layout 4 | . 4 . Fabricator Hacks . | . . . Repair Station Hacks 1 | . 1 . Scan Component 1 | . 1 . Recycling Unit Hacks 3 | . 3 . Report Inventory 2 | . 2 . Retrieve Components 1 | . 1 . Scanalyzer . | . . . Garrison Access Hacks . | . . . Unauthorized Hacks . | . . . Terminals . | . . . Fabricators . | . . . Repair Stations . | . . . Recycling Units . | . . . Scanalyzers . | . . . Garrison Access . | . . . Data Cores Recovered . | . . . Used . | . . . Hacking Detections 9 | . 9 . Full Trace Events 3 | . 3 . Feedback Events . | . . . Feedback Blocked . | . . . Robot Schematics Acquired . | . . . Robots Built . | . . . Authchips . | . . . Time . | . . . Total Robot Build Rating . | . . . Part Schematics Acquired . | . . . Parts Built . | . . . Authchips . | . . . Time . | . . . Total Part Build Rating . | . . . Parts Repaired . | . . . Time . | . . . Parts Recycled . | . . . Recycled Matter . | . . . Retrieved Matter . | . . . Retrieved Components 9 | . 9 . Parts Scanalyzed . | . . . Part Schematics Acquired . | . . . Parts Damaged . | . . . Bothacking | -11 -10 -10 ------------ Run | Yrd Mat Sub Used RIF Installer . | . . . Robots Hacked . | . . . Non-combat . | . . . Combat . | . . . Robot Hacks Applied . | . . . Relay Couplers Released . | . . . Fabnet Peak Effective % . | . . . Robots Rewired . | . . . Allies Hacked . | . . . Hacks Repelled . | . . . Allies | -11 -10 -10 -------- Run | Yrd Mat Sub Total Allies . | . . . Largest Group . | . . . Highest-Rated Group . | . . . Highest-Rated Ally . | . . . Total Orders . | . . . Ally Attacks . | . . . Total Damage . | . . . Kills . | . . . Allies Corrupted . | . . . Allies Melted 1 | . . 1 Intel | -11 -10 -10 ------- Run | Yrd Mat Sub Robot Analysis Total . | . . . Derelict Logs Recovered 1 | . . 1 Drone Launches . | . . . Drone Recoveries . | . . . Exploration | -11 -10 -10 ------------- Run | Yrd Mat Sub Turns Passed 1837 | 61 1580 196 Spaces Moved 866 | 48 748 70 Core 18 | 18 . . Treads . | . . . Legs 848 | 30 748 70 Wheels . | . . . Hover . | . . . Flight . | . . . Fastest Speed 50 | 50 120 190 Average Speed 163 | 96 165 190 Slowest Speed 190 | 190 190 190 Overloaded Moves . | . . . Propulsion Burnouts . | . . . Robots Hopped . | . . . Cave-ins Triggered . | . . . Exploration Rate (%) 33 | 4 88 7 Regions Visited 2 Branch Regions 1 Pre-discovered Areas . | . . . Known Exits Taken . | . . . Unknown Exits Taken 2 | 1 1 . Scrap Searched . | . . . Spaces Dug 26 | . 26 . Terrain Destroyed 49 | . 26 23 Melee 26 | . 26 . Projectile . | . . . AOE 23 | . . 23 Terrain Rammed . | . . . Walls Destroyed . | . . . Machines Disabled . | . . . Actions | -11 -10 -10 --------- Run | Yrd Mat Sub Total 1155 | 61 965 129 Wait 147 | . 99 48 Move 864 | 47 747 70 Hop . | . . . Pick Up 29 | 6 22 1 Fast Attach 8 | 2 6 . Attach 7 | 4 1 2 Detach . | . . . Swap 13 | 2 9 2 Drop 12 | . 9 3 Fire 22 | . 19 3 Melee 53 | . 53 . Ram . | . . . Kick . | . . . Crush . | . . . Escape Stasis . | . . . Rewire . | . . . Trap . | . . . Miscellaneous . | . . . Route ------- -11/Scrapyard -10/Materials (discovered 3 exits: [*Mat] / *Min / [*Sub]) -10/Subcaves (discovered 1 exit: Rec) History --------- Turn | Location | Event 8 | -11/Scrapyard | Discovered new exit (range 16) 62 | -11/Scrapyard | Entered Materials 310 | -10/Materials | Discovered new exit (range 3) 311 | -10/Materials | Build established: Mutant 830 | -10/Materials | Discovered new exit (range 18) 1054 | -10/Materials | Identified exit to Mines 1593 | -10/Materials | Discovered new exit (range 13) 1642 | -10/Materials | Entered Subcaves 1658 | -10/Subcaves | Identified exit to Recycling 1828 | -10/Subcaves | Ambushed by swarm of Subdwellers 1828 | -10/Subcaves | Ambushed by Subdwellers from Twisted Machinery 1828 | -10/Subcaves | Ambushed by Subdwellers from Twisted Machinery 1828 | -10/Subcaves | Ambushed by Subdwellers from Twisted Machinery 1828 | -10/Subcaves | Ambushed by Subdwellers from Twisted Machinery 1828 | -10/Subcaves | Ambushed by Subdwellers from Twisted Machinery 1831 | -10/Subcaves | Ambushed by angry Subdweller bent on revenge 1833 | -10/Subcaves | Core integrity fell below 50% 1835 | -10/Subcaves | Core integrity fell below 20% 1838 | -10/Subcaves | Destroyed by ET-6RL(R) with Subdweller Laser Last Messages --------------- (Meltdown). 01831_ G7-WPU(R) angrily emerges from the Twisted Machinery. 01831_ G7-WPU(R): "ECOKILL!" 01831_ 7F-RHE(R) destroyed. 01831_ Grenade Launcher destroyed. 01831_ Destroyed Grenade Launcher. 01831_ PP-DSX(R) destroyed. 01831_ EI-DOQ(R) destroyed. 01831_ 9I-R35(R) destroyed. 01831_ Grenade Launcher destroyed. 01831_ Destroyed Grenade Launcher. 01831_ Imp. Aluminum Leg destroyed. 01831_ Destroyed Imp. Aluminum Leg. 01831_ G7-WPU(R) destroyed. [Achievement: Quick And Dirty] 01831_ SR-C99(R) destroyed. 01834_ Dropped Lrg. Storage Unit. 01837_ ET-6RL(R) emerges from the Twisted Machinery. Map ----- +----------------------------------------------------+ | | | | | | | | | ?????????????????????????????????????????????????? | | ?????????????????????????????????????????????????? | | ?????????????????????????????????????????????????? | | ?????????????????????????????????????????????????? | | ?????????????????????????????????????????????????? | | ?????????????????????????????????????????????????? | | ??????????????#??????????????????????????????????? | | ????????????? #??????????????????????????????????? | | ???????????? ????????????????????????????????????? | | ??????????? ????????????????????????????????????? | | ???######? "?????????????????????????????????????? | | ???# # ???????????????????????????????????????? | | ???## ????????????????????????????????????????? | | ???# ##????????????????????????????????????????? | | ?###" "###?###??????????????????????????????????? | | ## " ### ####?####??????????????????????????? | | ## ### "##?????????????????????????? | | ##### "#######?????# #?????????? | | # ##??# " # ##### ???????????? | | # ##???#### %"=[[ R"" """????????????? | | ##??????# ]%RRR%! " " ??????????? | | #??????# ## =!@%*| #??????????????? | | # #?????# ## ]*!R&R #??????????????? | | # #???# ## =*% R # ??????????? | | ###### #/ #??? ?????????? | | ??????# #?#####??????? ?????????? | | ???????# ######### ##????????????????????????? | | ???????####???????######?????????????????????????? | | ?????????????????????????????????????????????????? | | ?????????????????????????????????????????????????? | | ?????????????????????????????????????????????????? | | ?????????????????????????????????????????????????? | | ?????????????????????????????????????????????????? | | ?????????????????????????????????????????????????? | | ?????????????????????????????????????????????????? | | ?????????????????????????????????????????????????? | | ?????????????????????????????????????????????????? | | ?????????????????????????????????????????????????? | | ?????????????????????????????????????????????????? | | ?????????????????????????????????????????????????? | | ?????????????????????????????????????????????????? | | ?????????????????????????????????????????????????? | | ?????????????????????????????????????????????????? | | ?????????????????????????????????????????????????? | | ?????????????????????????????????????????????????? | | ?????????????????????????????????????????????????? | +----------------------------------------------------+ Best States ------------- Heat Dissipation 25 Energy Generation 10 Energy Capacity 250 Matter Stores 300 Matter Capacity 300 Sight Range 16 Terrain Scan Density 10 Armor Coverage 150 Evasion (%) 55 Item Schematics ----------------- None Robot Schematics ------------------ None Fabricated ------------ Nothing Alien Tech Used ----------------- None Achievements -------------- Quick And Dirty Challenges ------------ None Game ------ Seed NetworkPiercingStripper Manual? 0 Play Time 00:17:49 Cumulative 9.3 hours Start 2024.04.23 @ 20:17:43 End 2024.04.23 @ 22:56:27 Sessions 3 Manual Loads 0 Difficulty Rogue Special Mode None Game No. 10 Rogue 10 Adventurer 0 Explorer 0 Win Type - Total 0 Types 0/0/0/0/0/0/0/0/0 Lore% 15 Gallery% 17 Achievement% 15 Wizard Run 0 Options --------- Layout 1 ASCII 0 Keyboard 0 Movement Mouse Keybinds 0 Fullscreen 1 Font 32/SmallcapsGlow Map View 50x35 Zoom Use 0% Tactical HUD 1 Map Filters NONE Filters NONE Steam 1 RUN: c6d0842f-b284-4c80-84bf-541540c58252